AoeStats
← Financial Panther

Golden Pit

508811440Analyzed
1v1 RM · 8d ago on Sep 24, 2026· 34m 24s· 2 players
Game mode
Random Map
Map size
Tiny (2 player)
Population
200
Speed
Normal
Resources
Standard
Victory
Conquest
Starting age
Dark Age
Ending age
Imperial Age
RankedLock teamsTeams togetherTeam positionsShared explorationLock speedFull tech treeHidden civsTurbo modeCheats
Victory
Defeat
🇺🇸 Ethiopians · United States
1358
+17
🇦🇷 Vikings · Argentina
1372
-17
Financial Panther
6:23 Loom
9:23 Feudal Age
12:00 Double-Bit Axe
13:46 Horse Collar
14:24 Fletching
17:09 Padded Archer Armor
22:10 Castle Age
21:23 Gold Mining
22:43 Crossbowman
23:53 Bodkin Arrow
24:53 Wheelbarrow
27:33 Town Watch
28:17 Leather Archer Armor
31:57 Thumb Ring
37:30 Imperial Age
FernecitoBranca
7:22 Loom
9:42 Feudal Age
11:21 Double-Bit Axe
14:47 Fletching
16:49 Padded Archer Armor
16:56 Horse Collar
22:21 Castle Age
20:39 Stone Mining
27:59 Leather Archer Armor
28:26 Gold Mining
30:16 Bodkin Arrow
31:24 Elite Skirmisher
Connection lost

Rejoining the realm…

Still unreachable

The connection could not be restored.

Session expired

The server has moved on; the page needs a fresh start.